MapleLeafs vs Flyers

Created - 21 mars 2021 at 20:10

Goals
1 2 3 T
MapleLeafs 1 1 1 3
Flyers 2 0 0 2
Shots
1 2 3 T
MapleLeafs 13 7 18 38
Flyers 13 12 6 31

1st period

1. Flyers , William Nylander 19 (Tomas Tatar 30, Paul Stastny 33) at 8:23
2. MapleLeafs , Dustin Brown 21 (Michael Del Zotto 29) at 8:34
3. Flyers , Jamie Benn 22 (Mika Zibanejad 46) at 14:13

Penalties :
No Penalty

2nd period

4. MapleLeafs , Anton Stralman 6 (Cody Ceci 29, Nikita Kucherov 42) at 2:44 (PP)

Penalties :
Rasmus Andersson (PHI) for Interference (Minor) at 2:23, Paul Stastny (PHI) for Tripping (Minor) at 6:05, Derrick Pouliot (TOR) for Hooking (Minor) at 6:05, Pierre-Luc Dubois (TOR) for Interference (Minor) at 15:47

3rd period

5. MapleLeafs , Anton Stralman 7 (Matt Duchene 20) at 3:59 (PP)

Penalties :
Ryan Graves (PHI) for Tripping (Minor) at 2:47, Paul Carey (PHI) for Roughing (Minor) at 9:02, Jamie Benn (PHI) for Hooking (Minor) at 18:19

Goalie Stats

Braden Holtby (TOR), 29 saves from 31 shots - (0,935), W, 30-24-8, 60:00 minutes
Pavel Francouz (PHI), 35 saves from 38 shots - (0,921), L, 28-20-8, 60:00 minutes

Players Stats for MapleLeafs

Player Name              G  A  P  +/- PIM S  H  SB GA TA FO     MP     PP MP  PK MP  
------------------------------------------------------------------------------------
Anton Stralman           2  0  2  -1  0   3  1  0  0  0  0/0    25:02   2:37   1:09 
Chris Tanev              0  0  0   0  0   1  1  1  0  0  0/0    15:15   0:00   0:00 
Cody Ceci                0  1  1  -1  0   1  2  1  0  0  0/0    25:02   2:37   1:09 
Derrick Pouliot          0  0  0   0  2   1  1  2  0  0  0/0    15:14   0:00   0:00 
Dustin Brown             1  0  1   1  0   4  5  0  0  0  0/0    18:24   2:04   0:00 
James Neal               0  0  0   0  0   0  0  0  0  0  0/0     3:26   0:00   0:00 
Jason Zucker             0  0  0   0  0   1  0  0  0  0  0/2    16:30   0:00   0:00 
Jay Beagle               0  0  0   0  0   1  1  0  0  0  11/17  16:30   0:00   0:00 
Joel Armia               0  0  0   0  0   0  1  0  0  0  1/1    16:42   0:00   0:12 
Kyle Okposo              0  0  0   0  0   1  0  0  0  0  0/0     3:26   0:00   0:00 
Matt Duchene             0  1  1  -2  0   5  1  0  0  0  21/35  23:57   3:08   1:27 
Michael Del Zotto        0  1  1   0  0   2  2  0  0  0  0/0    19:43   2:35   0:50 
Mike Matheson            0  0  0   0  0   1  0  1  0  0  0/0    19:43   2:35   0:50 
Nikita Kucherov          0  1  1  -2  0   3  0  0  0  0  0/3    20:43   3:08   1:39 
Ondrej Palat             0  0  0   0  0   0  0  0  0  0  0/0     0:00   0:00   0:00 
Pierre-Luc Dubois        0  0  0  -2  2   6  3  0  0  0  1/1    18:18   3:08   0:00 
Taylor Hall              0  0  0   1  0   7  0  0  0  0  1/1    19:21   2:04   0:20 
Tyler Johnson            0  0  0   1  0   1  2  0  0  0  13/29  18:44   2:04   0:20 

Players Stats for Flyers

Player Name              G  A  P  +/- PIM S  H  SB GA TA FO     MP     PP MP  PK MP  
------------------------------------------------------------------------------------
Brendan Gallagher        0  0  0   0  0   4  0  0  0  0  1/2    12:29   0:00   0:00 
Jake Debrusk             0  0  0   0  0   2  0  0  0  0  0/0    13:21   0:00   0:06 
Jakub Voracek            0  0  0   0  0   4  0  0  0  0  0/1    16:56   1:15   2:33 
Jamie Benn               1  0  1   0  2   3  3  1  0  0  1/2    16:24   1:15   1:43 
Johan Larsson            0  0  0   0  0   2  1  0  0  0  8/17   13:12   0:00   0:50 
Jonas Brodin             0  0  0   0  0   3  0  2  0  0  0/0    20:33   0:44   2:44 
Mika Zibanejad           0  1  1   0  0   3  1  1  0  0  16/25  17:21   1:15   2:39 
Nino Niederreiter        0  0  0   0  0   0  0  0  0  0  0/1    12:22   0:00   0:00 
Noah Hanifin             0  0  0   1  0   0  0  0  0  0  0/0    22:26   1:15   2:49 
Paul Carey               0  0  0   0  2   1  3  0  0  0  1/2    13:57   0:00   0:00 
Paul Stastny             0  1  1   1  2   0  0  0  0  0  7/18   16:11   0:44   2:33 
Rasmus Andersson         0  0  0   0  2   2  2  1  0  0  0/0    21:37   0:44   2:23 
Robert Thomas            0  0  0   0  0   1  0  0  0  0  7/21   13:15   0:00   0:00 
Ryan Graves              0  0  0   0  2   0  3  1  0  0  0/0    15:55   0:00   0:00 
Tomas Tatar              0  1  1   1  0   3  1  0  0  0  0/0    13:39   0:44   0:00 
Victor Hedman            0  0  0   1  0   0  1  3  0  0  0/0    22:05   1:15   2:28 
Vince Dunn               0  0  0   0  0   0  1  4  0  0  0/0    17:22   0:00   0:00 
William Nylander         1  0  1   1  0   3  0  0  0  0  0/0    13:39   0:44   0:00 

3 Stars

1 - Anton Stralman (TOR)
2 - Dustin Brown (TOR)
3 - William Nylander (PHI)

Power Play

MapleLeafs - 2 on 4 Attempt(s) - 50,00%
Flyers - 0 on 1 Attempt(s) - 0,00%

Penalty Kill

MapleLeafs - 1 on 1 Attempt(s) - 100,00% - Score 0 goal in Penalty Kill
Flyers - 2 on 4 Attempt(s) - 50,00% - Score 0 goal in Penalty Kill

Team Stat

MapleLeafs - Hits : 20 - Faceoff Wins : 48 - Blocked Shots : 5 - Penalty Minutes : 4
Flyers - Hits : 16 - Faceoff Wins : 41 - Blocked Shots : 13 - Penalty Minutes : 10

Official

Referees : Dan O'Rourke and Francois St-Laurent
Linesman : Darren Gibbs and Jeff Walker

Game Notes

No Game Note

Finance

Level 1 -- Attendance: 5797 (89,18%) -- Ticket Income 637 670 $
Level 2 -- Attendance: 4875 (97,50%) -- Ticket Income 365 625 $
Level 3 -- Attendance: 2947 (84,20%) -- Ticket Income 165 032 $
Level 4 -- Attendance: 1565 (100,00%) -- Ticket Income 62 600 $
Luxury Box -- Attendance: 1000 (100,00%) -- Ticket Income 199 000 $
Game was played at the Wells Fargo Center.
Total Attendance: 16184 (92,14%)
Total Ticket Income: 1 429 927 $
Other Income: 700 664 $
Total Income: 2 130 591 $

% Time on Ice - MapleLeafs

Lines # - Real PCT - Wanted PCT - Time Play
Normal Forward
1 - 29% - 40% - 14:34
2 - 32% - 30% - 16:20
3 - 32% - 20% - 16:30
4 - 7% - 10% - 3:26
Normal Defense
1 - 36% - 40% - 18:16
2 - 30% - 30% - 15:25
3 - 30% - 20% - 15:15
4 - 4% - 10% - 1:54
PP Forward
1 - 60% - 60% - 3:08
2 - 40% - 40% - 2:04
PP Defense
1 - 50% - 60% - 2:37
2 - 50% - 40% - 2:35
PK Forward
1 - 83% - 60% - 1:39
2 - 17% - 40% - 0:20
PK Defense
1 - 58% - 60% - 1:09
2 - 42% - 40% - 0:50
PK3 Forward
1 - 0% - 60%
2 - 0% - 40%
PK3 Defense
1 - 0% - 60%
2 - 0% - 40%
44 Forward
1 - 69% - 60% - 1:22
2 - 31% - 40% - 0:37
44 Defense
1 - 55% - 60% - 1:06
2 - 45% - 40% - 0:53
Last Minute Offensive  - 0:00
Last Minute Defensive  - 0:00
Total
Forward - 60:00
Defense - 60:00

% Time on Ice - Flyers

Lines # - Real PCT - Wanted PCT - Time Play
Normal Forward
1 - 24% - 25% - 12:18
2 - 25% - 25% - 12:55
3 - 24% - 25% - 12:22
4 - 26% - 25% - 13:15
Normal Defense
1 - 34% - 35% - 17:32
2 - 34% - 35% - 17:22
3 - 31% - 30% - 15:56
4 - 0% - 0% - 0:00
PP Forward
1 - 63% - 50% - 1:15
2 - 37% - 50% - 0:44
PP Defense
1 - 63% - 50% - 1:15
2 - 37% - 50% - 0:44
PK Forward
1 - 51% - 50% - 2:39
2 - 49% - 50% - 2:33
PK Defense
1 - 47% - 50% - 2:28
2 - 53% - 50% - 2:44
PK3 Forward
1 - 0% - 50%
2 - 0% - 50%
PK3 Defense
1 - 0% - 50%
2 - 0% - 50%
44 Forward
1 - 58% - 50% - 1:09
2 - 42% - 50% - 0:50
44 Defense
1 - 42% - 50% - 0:50
2 - 58% - 50% - 1:09
Last Minute Offensive  - 0:00
Last Minute Defensive  - 0:00
Total
Forward - 60:00
Defense - 60:00

Play-by-Play

1st period


0:01 of 1st period - Matt Duchene wins face-off versus Mika Zibanejad in neutral zone.
0:04 of 1st period - Shot by Nikita Kucherov.
0:04 of 1st period - Shot Misses the Net.
0:19 of 1st period - Shot by Matt Duchene.
0:19 of 1st period - Stopped by Pavel Francouz without a rebound.
0:20 of 1st period - Tyler Johnson wins face-off versus Paul Stastny in Flyers zone.
0:21 of 1st period - Shot by Michael Del Zotto.
0:21 of 1st period - Shot Misses the Net.
0:47 of 1st period - Shot by Taylor Hall.
0:47 of 1st period - Shot Misses the Net.
0:53 of 1st period - Shot by William Nylander.
0:53 of 1st period - Stopped by Braden Holtby without a rebound.
0:54 of 1st period - Jay Beagle wins face-off versus Johan Larsson in MapleLeafs zone.
0:56 of 1st period - Icing by Chris Tanev.
0:57 of 1st period - Jay Beagle wins face-off versus Robert Thomas in MapleLeafs zone.
1:04 of 1st period - Jay Beagle is hit by Paul Carey and loses puck.
1:30 of 1st period - Shot by Jake Debrusk.
1:30 of 1st period - Shot Misses the Net.
1:35 of 1st period - Icing by Joel Armia.
1:36 of 1st period - Jay Beagle wins face-off versus Brendan Gallagher in MapleLeafs zone.
1:52 of 1st period - Icing by Brendan Gallagher.
1:53 of 1st period - Matt Duchene wins face-off versus Johan Larsson in Flyers zone.
1:53 of 1st period - Matt Duchene is hit by Victor Hedman.
2:07 of 1st period - Noah Hanifin is hit by Pierre-Luc Dubois and loses puck.
2:24 of 1st period - Shot by Nikita Kucherov.
2:24 of 1st period - Shot Blocked by Victor Hedman.
2:26 of 1st period - Shot by Cody Ceci.
2:26 of 1st period - Shot Misses the Net.
2:28 of 1st period - Shot by Pierre-Luc Dubois.
2:28 of 1st period - Stopped by Pavel Francouz without a rebound.
2:29 of 1st period - Tyler Johnson wins face-off versus Mika Zibanejad in Flyers zone.
2:44 of 1st period - Shot by Jakub Voracek.
2:44 of 1st period - Stopped by Braden Holtby with a rebound.
3:26 of 1st period - Icing by Derrick Pouliot.
3:27 of 1st period - Jay Beagle wins face-off versus Paul Stastny in MapleLeafs zone.
3:50 of 1st period - Shot by Paul Stastny.
3:50 of 1st period - Shot Misses the Net.
3:52 of 1st period - Shot by Tomas Tatar.
3:52 of 1st period - Stopped by Braden Holtby without a rebound.
3:53 of 1st period - Matt Duchene wins face-off versus Robert Thomas in MapleLeafs zone.
4:05 of 1st period - Icing by Noah Hanifin.
4:06 of 1st period - Tyler Johnson wins face-off versus Robert Thomas in Flyers zone.
4:10 of 1st period - Icing by Robert Thomas.
4:11 of 1st period - Matt Duchene wins face-off versus Robert Thomas in Flyers zone.
4:34 of 1st period - Shot by Paul Carey.
4:34 of 1st period - Stopped by Braden Holtby without a rebound.
4:35 of 1st period - Johan Larsson wins face-off versus Tyler Johnson in MapleLeafs zone.
4:57 of 1st period - Icing by Michael Del Zotto.
4:58 of 1st period - Taylor Hall wins face-off versus Paul Stastny in MapleLeafs zone.
5:08 of 1st period - Tyler Johnson is hit by Rasmus Andersson and loses puck.
5:20 of 1st period - Taylor Hall is hit by Rasmus Andersson and loses puck.
5:51 of 1st period - Icing by Cody Ceci.
5:52 of 1st period - Matt Duchene wins face-off versus Jakub Voracek in MapleLeafs zone.
5:52 of 1st period - Matt Duchene is hit by Jamie Benn.
6:02 of 1st period - Shot by Nikita Kucherov.
6:02 of 1st period - Shot Misses the Net.
6:12 of 1st period - Shot by Cody Ceci.
6:12 of 1st period - Stopped by Pavel Francouz without a rebound.
6:13 of 1st period - Jay Beagle wins face-off versus Nino Niederreiter in Flyers zone.
6:16 of 1st period - Shot by Jason Zucker.
6:16 of 1st period - Shot Misses the Net.
6:21 of 1st period - Off-side.
6:22 of 1st period - Matt Duchene wins face-off versus Robert Thomas in neutral zone.
7:53 of 1st period - Shot by Jay Beagle.
7:53 of 1st period - Shot Misses the Net.
8:03 of 1st period - Shot by Brendan Gallagher.
8:03 of 1st period - Stopped by Braden Holtby with a rebound.
8:05 of 1st period - Shot by Brendan Gallagher.
8:05 of 1st period - Stopped by Braden Holtby without a rebound.
8:06 of 1st period - Mika Zibanejad wins face-off versus Tyler Johnson in MapleLeafs zone.
8:21 of 1st period - Shot by Mika Zibanejad.
8:21 of 1st period - Deflect By Jakub Voracek.
8:21 of 1st period - Stopped by Braden Holtby without a rebound.
8:22 of 1st period - Paul Stastny wins face-off versus Nikita Kucherov in MapleLeafs zone.
8:23 of 1st period - Shot by Tomas Tatar.
8:23 of 1st period - Deflect By William Nylander.
8:23 of 1st period - Goal by William Nylander - MapleLeafs : 0 - Flyers : 1.
8:24 of 1st period - Mika Zibanejad wins face-off versus Tyler Johnson in neutral zone.
8:27 of 1st period - Michael Del Zotto is hit by Jamie Benn and loses puck.
8:34 of 1st period - Shot by Dustin Brown.
8:34 of 1st period - Goal by Dustin Brown - MapleLeafs : 1 - Flyers : 1.
8:35 of 1st period - Paul Stastny wins face-off versus Matt Duchene in neutral zone.
8:38 of 1st period - Shot by Tomas Tatar.
8:38 of 1st period - Shot Misses the Net.
8:58 of 1st period - Shot by Matt Duchene.
8:58 of 1st period - Stopped by Pavel Francouz with a rebound.
9:00 of 1st period - Shot by Cody Ceci.
9:00 of 1st period - Shot Blocked by Vince Dunn.
9:02 of 1st period - Shot by Anton Stralman.
9:02 of 1st period - Shot Blocked by Vince Dunn.
9:04 of 1st period - Shot by Cody Ceci.
9:04 of 1st period - Shot Misses the Net.
9:06 of 1st period - Shot by Pierre-Luc Dubois.
9:06 of 1st period - Stopped by Pavel Francouz without a rebound.
9:07 of 1st period - Johan Larsson wins face-off versus Tyler Johnson in Flyers zone.
9:24 of 1st period - Shot by Johan Larsson.
9:24 of 1st period - Stopped by Braden Holtby without a rebound.
9:25 of 1st period - Mika Zibanejad wins face-off versus Jason Zucker in MapleLeafs zone.
9:25 of 1st period - Jakub Voracek is hit by Chris Tanev and loses puck.
9:46 of 1st period - Shot by Chris Tanev.
9:46 of 1st period - Stopped by Pavel Francouz without a rebound.
9:47 of 1st period - Matt Duchene wins face-off versus Johan Larsson in Flyers zone.
10:04 of 1st period - Shot by Nikita Kucherov.
10:04 of 1st period - Shot Misses the Net.
10:06 of 1st period - Shot by Pierre-Luc Dubois.
10:06 of 1st period - Shot Misses the Net.
10:20 of 1st period - Shot by Pierre-Luc Dubois.
10:20 of 1st period - Stopped by Pavel Francouz without a rebound.
10:21 of 1st period - Mika Zibanejad wins face-off versus Tyler Johnson in Flyers zone.
10:41 of 1st period - Mika Zibanejad is hit by Tyler Johnson and loses puck.
10:52 of 1st period - Shot by Mika Zibanejad.
10:52 of 1st period - Stopped by Braden Holtby with a rebound.
11:19 of 1st period - Icing by Paul Stastny.
11:20 of 1st period - Matt Duchene wins face-off versus Paul Stastny in Flyers zone.
11:33 of 1st period - Nikita Kucherov is hit by Tomas Tatar and loses puck.
12:01 of 1st period - Shot by Matt Duchene.
12:01 of 1st period - Shot Misses the Net.
12:37 of 1st period - Icing by Chris Tanev.
12:38 of 1st period - Jay Beagle wins face-off versus Johan Larsson in MapleLeafs zone.
13:09 of 1st period - Shot by Johan Larsson.
13:09 of 1st period - Shot Blocked by Mike Matheson.
13:11 of 1st period - Shot by Brendan Gallagher.
13:11 of 1st period - Shot Misses the Net.
14:06 of 1st period - Shot by Jonas Brodin.
14:06 of 1st period - Stopped by Braden Holtby without a rebound.
14:07 of 1st period - Mika Zibanejad wins face-off versus Matt Duchene in MapleLeafs zone.
14:13 of 1st period - Shot by Jamie Benn.
14:13 of 1st period - Goal by Jamie Benn - MapleLeafs : 1 - Flyers : 2.
14:14 of 1st period - Pierre-Luc Dubois wins face-off versus Robert Thomas in neutral zone.
14:21 of 1st period - Shot by Matt Duchene.
14:21 of 1st period - Stopped by Pavel Francouz without a rebound.
14:22 of 1st period - Robert Thomas wins face-off versus Matt Duchene in Flyers zone.
15:29 of 1st period - Shot by Mika Zibanejad.
15:29 of 1st period - Shot Misses the Net.
15:44 of 1st period - Icing by Chris Tanev.
15:45 of 1st period - Paul Stastny wins face-off versus Jay Beagle in MapleLeafs zone.
16:06 of 1st period - Shot by Tomas Tatar.
16:06 of 1st period - Shot Blocked by Derrick Pouliot.
16:33 of 1st period - Shot by Taylor Hall.
16:33 of 1st period - Stopped by Pavel Francouz without a rebound.
16:34 of 1st period - Matt Duchene wins face-off versus Mika Zibanejad in Flyers zone.
16:47 of 1st period - Shot by Cody Ceci.
16:47 of 1st period - Deflect By Nikita Kucherov.
16:47 of 1st period - Stopped by Pavel Francouz without a rebound.
16:48 of 1st period - Johan Larsson wins face-off versus Tyler Johnson in Flyers zone.
17:21 of 1st period - Shot by Dustin Brown.
17:21 of 1st period - Shot Blocked by Ryan Graves.
17:23 of 1st period - Shot by Taylor Hall.
17:23 of 1st period - Stopped by Pavel Francouz without a rebound.
17:24 of 1st period - Jamie Benn wins face-off versus Matt Duchene in Flyers zone.
17:41 of 1st period - Shot by Mika Zibanejad.
17:41 of 1st period - Stopped by Braden Holtby without a rebound.
17:42 of 1st period - Jay Beagle wins face-off versus Robert Thomas in MapleLeafs zone.
17:42 of 1st period - Jay Beagle is hit by Paul Carey.
18:10 of 1st period - Shot by Jake Debrusk.
18:10 of 1st period - Shot Misses the Net.
18:12 of 1st period - Shot by Vince Dunn.
18:12 of 1st period - Shot Misses the Net.
18:27 of 1st period - Icing by Rasmus Andersson.
18:28 of 1st period - Paul Carey wins face-off versus Matt Duchene in Flyers zone.
18:41 of 1st period - Off-side.
18:42 of 1st period - Tyler Johnson wins face-off versus Mika Zibanejad in neutral zone.
18:49 of 1st period - Shot by Dustin Brown.
18:49 of 1st period - Stopped by Pavel Francouz without a rebound.
18:50 of 1st period - Mika Zibanejad wins face-off versus Matt Duchene in Flyers zone.
19:26 of 1st period - Shot by Cody Ceci.
19:26 of 1st period - Shot Blocked by Victor Hedman.
Goals for this period are 1 for MapleLeafs vs 2 for Flyers.
Shots for this period are 13 for MapleLeafs vs 13 for Flyers.

2nd period


0:01 of 2nd period - Matt Duchene wins face-off versus Paul Stastny in neutral zone.
0:09 of 2nd period - Icing by Ryan Graves.
0:10 of 2nd period - Paul Stastny wins face-off versus Tyler Johnson in Flyers zone.
0:33 of 2nd period - Tomas Tatar is hit by Dustin Brown and loses puck.
1:07 of 2nd period - Icing by William Nylander.
1:08 of 2nd period - Paul Stastny wins face-off versus Jay Beagle in Flyers zone.
1:08 of 2nd period - Jonas Brodin is hit by Jay Beagle and loses puck.
1:27 of 2nd period - Shot by Derrick Pouliot.
1:27 of 2nd period - Stopped by Pavel Francouz with a rebound.
1:39 of 2nd period - Shot by Joel Armia.
1:39 of 2nd period - Shot Misses the Net.
1:53 of 2nd period - Brendan Gallagher is hit by Derrick Pouliot and loses puck.
2:23 of 2nd period - Minor Penalty to Rasmus Andersson for Interference.
2:24 of 2nd period - Matt Duchene wins face-off versus Mika Zibanejad in Flyers zone.
2:40 of 2nd period - Shot by Nikita Kucherov.
2:40 of 2nd period - Stopped by Pavel Francouz with a rebound.
2:42 of 2nd period - Shot by Cody Ceci.
2:42 of 2nd period - Shot Blocked by Jonas Brodin.
2:44 of 2nd period - Shot by Anton Stralman.
2:44 of 2nd period - Goal by Anton Stralman - MapleLeafs : 2 - Flyers : 2.
2:45 of 2nd period - Tyler Johnson wins face-off versus Robert Thomas in neutral zone.
2:50 of 2nd period - Shot by Tyler Johnson.
2:50 of 2nd period - Deflect By Taylor Hall.
2:50 of 2nd period - Stopped by Pavel Francouz without a rebound.
2:51 of 2nd period - Robert Thomas wins face-off versus Tyler Johnson in Flyers zone.
2:51 of 2nd period - Robert Thomas is hit by Dustin Brown.
2:59 of 2nd period - Shot by Tyler Johnson.
2:59 of 2nd period - Shot Blocked by Rasmus Andersson.
3:13 of 2nd period - Shot by Taylor Hall.
3:13 of 2nd period - Deflect By Dustin Brown.
3:13 of 2nd period - Stopped by Pavel Francouz without a rebound.
3:14 of 2nd period - Matt Duchene wins face-off versus Johan Larsson in Flyers zone.
3:14 of 2nd period - Nikita Kucherov is hit by Ryan Graves and loses puck.
3:35 of 2nd period - Shot by Nino Niederreiter.
3:35 of 2nd period - Deflect By Brendan Gallagher.
3:35 of 2nd period - Shot Misses the Net.
5:04 of 2nd period - Joel Armia is hit by Vince Dunn and loses puck.
5:19 of 2nd period - Rasmus Andersson is hit by Joel Armia and loses puck.
5:43 of 2nd period - Derrick Pouliot is hit by Paul Carey and loses puck.
6:05 of 2nd period - Minor Penalty to Paul Stastny for Tripping.
6:05 of 2nd period - Minor Penalty to Derrick Pouliot for Hooking.
6:06 of 2nd period - Brendan Gallagher wins face-off versus Matt Duchene in MapleLeafs zone.
6:12 of 2nd period - Icing by Cody Ceci.
6:13 of 2nd period - Mika Zibanejad wins face-off versus Matt Duchene in MapleLeafs zone.
6:18 of 2nd period - Shot by Mika Zibanejad.
6:18 of 2nd period - Shot Misses the Net.
6:20 of 2nd period - Shot by Rasmus Andersson.
6:20 of 2nd period - Stopped by Braden Holtby with a rebound.
6:22 of 2nd period - Shot by Mika Zibanejad.
6:22 of 2nd period - Shot Misses the Net.
6:24 of 2nd period - Shot by Jamie Benn.
6:24 of 2nd period - Shot Misses the Net.
6:26 of 2nd period - Shot by Mika Zibanejad.
6:26 of 2nd period - Shot Misses the Net.
6:32 of 2nd period - Shot by Jamie Benn.
6:32 of 2nd period - Stopped by Braden Holtby with a rebound.
6:34 of 2nd period - Shot by Jonas Brodin.
6:34 of 2nd period - Stopped by Braden Holtby without a rebound.
6:35 of 2nd period - Matt Duchene wins face-off versus Paul Carey in MapleLeafs zone.
6:42 of 2nd period - Shot by Matt Duchene.
6:42 of 2nd period - Stopped by Pavel Francouz with a rebound.
7:02 of 2nd period - Victor Hedman is hit by Matt Duchene and loses puck.
7:35 of 2nd period - Shot by Mika Zibanejad.
7:35 of 2nd period - Shot Misses the Net.
7:37 of 2nd period - Shot by Jonas Brodin.
7:37 of 2nd period - Stopped by Braden Holtby with a rebound.
9:01 of 2nd period - Nino Niederreiter is hit by Anton Stralman and loses puck.
9:08 of 2nd period - Shot by Brendan Gallagher.
9:08 of 2nd period - Shot Misses the Net.
9:10 of 2nd period - Shot by Johan Larsson.
9:10 of 2nd period - Shot Misses the Net.
9:12 of 2nd period - Shot by Johan Larsson.
9:12 of 2nd period - Stopped by Braden Holtby without a rebound.
9:13 of 2nd period - Robert Thomas wins face-off versus Matt Duchene in MapleLeafs zone.
10:22 of 2nd period - Shot by Johan Larsson.
10:22 of 2nd period - Shot Misses the Net.
10:24 of 2nd period - Shot by Jonas Brodin.
10:24 of 2nd period - Shot Misses the Net.
10:42 of 2nd period - Dustin Brown is hit by Johan Larsson and loses puck.
11:52 of 2nd period - Icing by Derrick Pouliot.
11:53 of 2nd period - Jay Beagle wins face-off versus Robert Thomas in MapleLeafs zone.
12:14 of 2nd period - Shot by Jason Zucker.
12:14 of 2nd period - Shot Blocked by Vince Dunn.
12:22 of 2nd period - Shot by Paul Carey.
12:22 of 2nd period - Shot Misses the Net.
13:15 of 2nd period - Shot by Mike Matheson.
13:15 of 2nd period - Stopped by Pavel Francouz without a rebound.
13:16 of 2nd period - Matt Duchene wins face-off versus Mika Zibanejad in Flyers zone.
13:40 of 2nd period - Icing by Nikita Kucherov.
13:41 of 2nd period - Johan Larsson wins face-off versus Matt Duchene in MapleLeafs zone.
13:54 of 2nd period - Shot by Nino Niederreiter.
13:54 of 2nd period - Shot Misses the Net.
14:13 of 2nd period - Shot by Brendan Gallagher.
14:13 of 2nd period - Stopped by Braden Holtby without a rebound.
14:14 of 2nd period - Tyler Johnson wins face-off versus Mika Zibanejad in MapleLeafs zone.
14:14 of 2nd period - Tyler Johnson is hit by Jamie Benn.
14:19 of 2nd period - Taylor Hall is hit by Mika Zibanejad.
14:46 of 2nd period - Shot by Dustin Brown.
14:46 of 2nd period - Shot Misses the Net.
14:56 of 2nd period - Shot by Mika Zibanejad.
14:56 of 2nd period - Stopped by Braden Holtby without a rebound.
14:57 of 2nd period - Robert Thomas wins face-off versus Jay Beagle in MapleLeafs zone.
15:06 of 2nd period - Shot by Jake Debrusk.
15:06 of 2nd period - Stopped by Braden Holtby without a rebound.
15:07 of 2nd period - Joel Armia wins face-off versus Johan Larsson in MapleLeafs zone.
15:14 of 2nd period - Shot by Cody Ceci.
15:14 of 2nd period - Shot Misses the Net.
15:47 of 2nd period - Minor Penalty to Pierre-Luc Dubois for Interference.
15:48 of 2nd period - Mika Zibanejad wins face-off versus Nikita Kucherov in MapleLeafs zone.
16:08 of 2nd period - Jakub Voracek is hit by Michael Del Zotto and loses puck.
16:24 of 2nd period - Victor Hedman is hit by Cody Ceci and loses puck.
17:17 of 2nd period - Shot by William Nylander.
17:17 of 2nd period - Shot Blocked by Cody Ceci.
17:21 of 2nd period - Shot by Tomas Tatar.
17:21 of 2nd period - Stopped by Braden Holtby with a rebound.
17:52 of 2nd period - Icing by Jonas Brodin.
17:53 of 2nd period - Tyler Johnson wins face-off versus Robert Thomas in Flyers zone.
17:53 of 2nd period - Tyler Johnson is hit by Ryan Graves.
18:21 of 2nd period - Shot by Paul Carey.
18:21 of 2nd period - Shot Blocked by Chris Tanev.
18:23 of 2nd period - Shot by Robert Thomas.
18:23 of 2nd period - Stopped by Braden Holtby without a rebound.
18:24 of 2nd period - Johan Larsson wins face-off versus Jay Beagle in MapleLeafs zone.
18:37 of 2nd period - Shot by Rasmus Andersson.
18:37 of 2nd period - Stopped by Braden Holtby with a rebound.
18:39 of 2nd period - Shot by Johan Larsson.
18:39 of 2nd period - Shot Misses the Net.
19:11 of 2nd period - Shot by Tomas Tatar.
19:11 of 2nd period - Stopped by Braden Holtby without a rebound.
19:12 of 2nd period - Tyler Johnson wins face-off versus Paul Stastny in MapleLeafs zone.
19:33 of 2nd period - Shot by Taylor Hall.
19:33 of 2nd period - Shot Blocked by Victor Hedman.
19:38 of 2nd period - Off-side.
19:39 of 2nd period - Matt Duchene wins face-off versus Mika Zibanejad in neutral zone.
19:52 of 2nd period - Shot by Matt Duchene.
19:52 of 2nd period - Shot Blocked by Jonas Brodin.
19:54 of 2nd period - Shot by Cody Ceci.
19:54 of 2nd period - Deflect By James Neal.
19:54 of 2nd period - Shot Blocked by Jamie Benn.
19:56 of 2nd period - Shot by Kyle Okposo.
19:56 of 2nd period - Shot Misses the Net.
Goals for this period are 1 for MapleLeafs vs 0 for Flyers.
Shots for this period are 7 for MapleLeafs vs 12 for Flyers.

3rd period


0:01 of 3rd period - Matt Duchene wins face-off versus Paul Stastny in neutral zone.
0:10 of 3rd period - Shot by Pierre-Luc Dubois.
0:10 of 3rd period - Stopped by Pavel Francouz without a rebound.
0:11 of 3rd period - Mika Zibanejad wins face-off versus Tyler Johnson in Flyers zone.
0:23 of 3rd period - Shot by Jamie Benn.
0:23 of 3rd period - Stopped by Braden Holtby without a rebound.
0:24 of 3rd period - Matt Duchene wins face-off versus Robert Thomas in MapleLeafs zone.
0:54 of 3rd period - Robert Thomas is hit by Cody Ceci and loses puck.
1:05 of 3rd period - Shot by Jake Debrusk.
1:05 of 3rd period - Stopped by Braden Holtby without a rebound.
1:06 of 3rd period - Paul Stastny wins face-off versus Tyler Johnson in MapleLeafs zone.
1:21 of 3rd period - Shot by William Nylander.
1:21 of 3rd period - Shot Misses the Net.
1:23 of 3rd period - Shot by William Nylander.
1:23 of 3rd period - Stopped by Braden Holtby with a rebound.
1:45 of 3rd period - William Nylander is hit by Michael Del Zotto and loses puck.
1:59 of 3rd period - Off-side.
2:00 of 3rd period - Jay Beagle wins face-off versus Johan Larsson in neutral zone.
2:06 of 3rd period - Icing by Victor Hedman.
2:07 of 3rd period - Johan Larsson wins face-off versus Matt Duchene in Flyers zone.
2:07 of 3rd period - Johan Larsson is hit by Pierre-Luc Dubois.
2:14 of 3rd period - Off-side.
2:15 of 3rd period - Matt Duchene wins face-off versus Mika Zibanejad in neutral zone.
2:32 of 3rd period - Shot by Nikita Kucherov.
2:32 of 3rd period - Shot Misses the Net.
2:43 of 3rd period - Nikita Kucherov is hit by Ryan Graves and loses puck.
2:47 of 3rd period - Minor Penalty to Ryan Graves for Tripping.
2:48 of 3rd period - Tyler Johnson wins face-off versus Paul Stastny in Flyers zone.
2:49 of 3rd period - Shot by Michael Del Zotto.
2:49 of 3rd period - Shot Misses the Net.
3:21 of 3rd period - Shot by Dustin Brown.
3:21 of 3rd period - Stopped by Pavel Francouz without a rebound.
3:22 of 3rd period - Mika Zibanejad wins face-off versus Matt Duchene in Flyers zone.
3:55 of 3rd period - Shot by Matt Duchene.
3:55 of 3rd period - Shot Misses the Net.
3:57 of 3rd period - Shot by Matt Duchene.
3:57 of 3rd period - Stopped by Pavel Francouz with a rebound.
3:59 of 3rd period - Shot by Anton Stralman.
3:59 of 3rd period - Goal by Anton Stralman - MapleLeafs : 3 - Flyers : 2.
4:00 of 3rd period - Robert Thomas wins face-off versus Jay Beagle in neutral zone.
4:13 of 3rd period - Off-side.
4:14 of 3rd period - Tyler Johnson wins face-off versus Johan Larsson in neutral zone.
4:25 of 3rd period - Shot by Taylor Hall.
4:25 of 3rd period - Stopped by Pavel Francouz without a rebound.
4:26 of 3rd period - Jay Beagle wins face-off versus Paul Stastny in Flyers zone.
4:39 of 3rd period - Shot by Jay Beagle.
4:39 of 3rd period - Shot Misses the Net.
4:41 of 3rd period - Shot by Joel Armia.
4:41 of 3rd period - Shot Misses the Net.
4:43 of 3rd period - Shot by Jay Beagle.
4:43 of 3rd period - Stopped by Pavel Francouz with a rebound.
6:03 of 3rd period - Shot by Mika Zibanejad.
6:03 of 3rd period - Deflect By Jakub Voracek.
6:03 of 3rd period - Stopped by Braden Holtby without a rebound.
6:04 of 3rd period - Robert Thomas wins face-off versus Tyler Johnson in MapleLeafs zone.
6:37 of 3rd period - Shot by Tyler Johnson.
6:37 of 3rd period - Shot Misses the Net.
6:39 of 3rd period - Shot by Derrick Pouliot.
6:39 of 3rd period - Shot Misses the Net.
7:40 of 3rd period - Off-side.
7:41 of 3rd period - Matt Duchene wins face-off versus Jamie Benn in neutral zone.
8:07 of 3rd period - Shot by Nikita Kucherov.
8:07 of 3rd period - Stopped by Pavel Francouz without a rebound.
8:08 of 3rd period - Tyler Johnson wins face-off versus Paul Stastny in Flyers zone.
8:11 of 3rd period - Shot by Taylor Hall.
8:11 of 3rd period - Stopped by Pavel Francouz without a rebound.
8:12 of 3rd period - Tyler Johnson wins face-off versus Robert Thomas in Flyers zone.
9:00 of 3rd period - Jake Debrusk is hit by Pierre-Luc Dubois and loses puck.
9:02 of 3rd period - Minor Penalty to Paul Carey for Roughing.
9:03 of 3rd period - Matt Duchene wins face-off versus Paul Stastny in Flyers zone.
9:06 of 3rd period - Shot by Nikita Kucherov.
9:06 of 3rd period - Shot Misses the Net.
9:08 of 3rd period - Shot by Michael Del Zotto.
9:08 of 3rd period - Stopped by Pavel Francouz without a rebound.
9:09 of 3rd period - Mika Zibanejad wins face-off versus Nikita Kucherov in Flyers zone.
9:43 of 3rd period - Shot by Pierre-Luc Dubois.
9:43 of 3rd period - Stopped by Pavel Francouz with a rebound.
9:45 of 3rd period - Shot by Michael Del Zotto.
9:45 of 3rd period - Stopped by Pavel Francouz without a rebound.
9:46 of 3rd period - Mika Zibanejad wins face-off versus Tyler Johnson in Flyers zone.
9:57 of 3rd period - Mika Zibanejad is hit by Dustin Brown and loses puck.
10:23 of 3rd period - Shot by Dustin Brown.
10:23 of 3rd period - Shot Misses the Net.
10:25 of 3rd period - Shot by Tyler Johnson.
10:25 of 3rd period - Stopped by Pavel Francouz with a rebound.
10:51 of 3rd period - Shot by Mike Matheson.
10:51 of 3rd period - Shot Misses the Net.
11:02 of 3rd period - Icing by Nikita Kucherov.
11:03 of 3rd period - Johan Larsson wins face-off versus Jay Beagle in MapleLeafs zone.
11:12 of 3rd period - Shot by Nino Niederreiter.
11:12 of 3rd period - Deflect By Brendan Gallagher.
11:12 of 3rd period - Stopped by Braden Holtby without a rebound.
11:13 of 3rd period - Jay Beagle wins face-off versus Robert Thomas in MapleLeafs zone.
11:41 of 3rd period - Shot by Paul Carey.
11:41 of 3rd period - Shot Misses the Net.
12:08 of 3rd period - Shot by William Nylander.
12:08 of 3rd period - Shot Blocked by Derrick Pouliot.
12:13 of 3rd period - Icing by Jay Beagle.
12:14 of 3rd period - Mika Zibanejad wins face-off versus Jason Zucker in MapleLeafs zone.
12:23 of 3rd period - Shot by Jakub Voracek.
12:23 of 3rd period - Deflect By Mika Zibanejad.
12:23 of 3rd period - Shot Hit the Post.
12:33 of 3rd period - Shot by Mika Zibanejad.
12:33 of 3rd period - Shot Misses the Net.
12:35 of 3rd period - Shot by Mika Zibanejad.
12:35 of 3rd period - Shot Misses the Net.
12:37 of 3rd period - Shot by Rasmus Andersson.
12:37 of 3rd period - Shot Misses the Net.
12:39 of 3rd period - Shot by Mika Zibanejad.
12:39 of 3rd period - Shot Misses the Net.
12:41 of 3rd period - Shot by Mika Zibanejad.
12:41 of 3rd period - Deflect By Jakub Voracek.
12:41 of 3rd period - Stopped by Braden Holtby without a rebound.
12:42 of 3rd period - Matt Duchene wins face-off versus Johan Larsson in MapleLeafs zone.
13:12 of 3rd period - Shot by Pierre-Luc Dubois.
13:12 of 3rd period - Stopped by Pavel Francouz without a rebound.
13:13 of 3rd period - Paul Stastny wins face-off versus Tyler Johnson in Flyers zone.
13:13 of 3rd period - Paul Stastny is hit by Dustin Brown.
13:23 of 3rd period - Shot by Taylor Hall.
13:23 of 3rd period - Stopped by Pavel Francouz with a rebound.
13:25 of 3rd period - Shot by Dustin Brown.
13:25 of 3rd period - Shot Misses the Net.
13:27 of 3rd period - Shot by Mike Matheson.
13:27 of 3rd period - Shot Blocked by Vince Dunn.
13:41 of 3rd period - Shot by Tyler Johnson.
13:41 of 3rd period - Shot Misses the Net.
13:43 of 3rd period - Shot by Michael Del Zotto.
13:43 of 3rd period - Shot Misses the Net.
14:21 of 3rd period - Shot by Kyle Okposo.
14:21 of 3rd period - Stopped by Pavel Francouz without a rebound.
14:22 of 3rd period - Mika Zibanejad wins face-off versus Matt Duchene in Flyers zone.
15:46 of 3rd period - Shot by Jay Beagle.
15:46 of 3rd period - Deflect By Jason Zucker.
15:46 of 3rd period - Stopped by Pavel Francouz without a rebound.
15:47 of 3rd period - Robert Thomas wins face-off versus Tyler Johnson in Flyers zone.
15:47 of 3rd period - Robert Thomas is hit by Tyler Johnson.
15:50 of 3rd period - Icing by Jake Debrusk.
15:51 of 3rd period - Tyler Johnson wins face-off versus Robert Thomas in Flyers zone.
15:54 of 3rd period - Shot by Dustin Brown.
15:54 of 3rd period - Shot Misses the Net.
15:56 of 3rd period - Shot by Taylor Hall.
15:56 of 3rd period - Stopped by Pavel Francouz without a rebound.
15:57 of 3rd period - Johan Larsson wins face-off versus Tyler Johnson in Flyers zone.
16:16 of 3rd period - Johan Larsson is hit by Dustin Brown and loses puck.
17:01 of 3rd period - Shot by William Nylander.
17:01 of 3rd period - Shot Misses the Net.
18:19 of 3rd period - Minor Penalty to Jamie Benn for Hooking.
18:20 of 3rd period - Mika Zibanejad wins face-off versus Tyler Johnson in Flyers zone.
19:20 of 3rd period - Shot by Cody Ceci.
19:20 of 3rd period - Shot Blocked by Mika Zibanejad.
19:22 of 3rd period - Shot by Anton Stralman.
19:22 of 3rd period - Shot Misses the Net.
19:24 of 3rd period - Shot by Anton Stralman.
19:24 of 3rd period - Stopped by Pavel Francouz without a rebound.
19:25 of 3rd period - Mika Zibanejad wins face-off versus Matt Duchene in Flyers zone.
19:54 of 3rd period - Shot by Pierre-Luc Dubois.
19:54 of 3rd period - Shot Misses the Net.
Goals for this period are 1 for MapleLeafs vs 0 for Flyers.
Shots for this period are 18 for MapleLeafs vs 6 for Flyers.